 Dungeon Crawl Stone Soup version 0.24-a0-201-gf205589 (webtiles) character file.

Game seed: 7674863192686828510

46 Borgoz the Bolt Thrower (level 3, -2/22 HPs)
             Began as a Kobold Hunter on Mar 24, 2019.
             Slain by an orc wizard
             ... wielding a +0 dagger
              (4 damage)
             ... on level 3 of the Dungeon.
             The game lasted 00:02:30 (1877 turns).

Borgoz the Bolt Thrower (Kobold Hunter)             Turns: 1877, Time: 00:02:31

Health: -2/22      AC:  3    Str: 10    XL:     3   Next: 92%
Magic:  3/3        EV: 15    Int: 17    God:
Gold:   141        SH:  0    Dex: 15    Spells: 2/2 levels left

rFire    . . .     SeeInvis .   a - +0 short sword
rCold    . . .     Gourm    .   (shield restricted)
rNeg     . . .     Faith    .   c - +0 leather armour
rPois    .         Spirit   .   (no helmet)
rElec    .         Reflect  .   (no cloak)
rCorr    .         Harm     .   (no gloves)
MR       .....                  (no boots)
Stlth    ++........             (no amulet)
HPRegen  0.07/turn              (no ring)
MPRegen  0.08/turn              (no ring)

@: brilliant, hasted, very quick
A: small, carnivore
a: no special abilities


You were on level 3 of the Dungeon.
You were not hungry.

You visited 1 branch of the dungeon, and saw 3 of its levels.

You collected 141 gold pieces.

Inventory:

Hand Weapons
 a - a +0 short sword (weapon)
 b - a +1 hand crossbow
Missiles
 d - 34 bolts
Armour
 c - a +0 leather armour (worn)
Scrolls
 e - 5 scrolls of remove curse
 g - a scroll of amnesia {unknown}
 j - a scroll of enchant weapon {unknown}
 l - a scroll of teleportation {unknown}
 n - 2 scrolls of identify {unknown}
Comestibles
 f - 3 rations


   Skills:
 + Level 2.6 Fighting
 + Level 1.6 Short Blades
 - Level 4.8 Crossbows
 + Level 0.9 Armour
 + Level 3.0 Dodging
 + Level 2.4 Stealth


You had 2 spell levels left.
You didn't know any spells.
Your spell library was empty.

Dungeon Overview and Level Annotations

Branches:
Dungeon (3/15)

Altars:


Innate Abilities, Weirdness & Mutations

You are small and have problems with some larger weapons.
You are carnivorous and can eat meat at any time.


Message History

The orc barely misses you. The orc wizard completely misses you.
You hit the orc wizard.
The orc wizard is severely wounded.
The orc barely misses you.
You hit the orc.
You kill the orc!
The orc wizard completely misses you.
You closely miss the orc wizard.
The orc wizard is severely wounded.
The orc wizard barely misses you.
You closely miss the orc wizard.
The orc wizard is severely wounded.
The orc wizard hits you with a +0 dagger.
* * * LOW HITPOINT WARNING * * *
You barely miss the orc wizard.
The orc wizard is severely wounded.
You closely miss the orc wizard.
The orc wizard is severely wounded.
The orc wizard hits you with a +0 dagger.
You die...

#.... .... ##### ...
#...# #.# #...#
######.####...##########
..........+...>.........
###.##.#.##.........$...
.......#.......#........
###.##########.#@#
#.............oo)#
....##########(###
............ #.#
....######## #(#
....#.####.# #o#
....#......# #.#
....#.####.# #(#
#.#........# #.#


You could see an orc wizard and an orc.

Vanquished Creatures
  An adder (D:2)
  2 worms (D:2)
  A dart slug (D:1)
  A leopard gecko (D:1)
  5 orcs (D:3)
  A ball python (D:3)
  2 goblins
  A hobgoblin (D:3)
  5 bats
  3 kobolds (D:1)
  A rat (D:2)
23 creatures vanquished.

Notes
Turn   | Place    | Note
-------+----------+-------------------------------------------
     0 | D:1      | Borgoz the Kobold Hunter began the quest for the Orb.
     0 | D:1      | Reached XP level 1. HP: 12/12 MP: 1/1
    76 | D:1      | Reached XP level 2. HP: 11/17 MP: 2/2
   428 | D:2      | Reached skill level 1 in Short Blades
   962 | D:2      | Reached XP level 3. HP: 14/22 MP: 3/3
  1877 | D:3      | Slain by an orc wizard

Levels and vault maps discovered:
D:1:      minmay_arrival_semitransparent, layout_rooms
D:2:      layout_loops_corners
D:3:      layout_basic

Skill      XL: |  1  2  3 |
---------------+----------+-----
Short Blades   | 1 |  1.6
Stealth        | 2 |  2.4
Dodging        | 3 |  3.0
Fighting       | |  2.6
Crossbows      | |  4.8
Armour         | |  0.9

Action                   || total
-------------------------++-------
Melee: Short sword       ||    99
 Fire: Hand crossbow     ||    20
  Use: Potion            ||     5
       Scroll            ||     1
 Stab: Sleeping          ||     2
  Eat: Chunk             ||     6
Armor: Leather armour    ||    19
Dodge: Dodged            ||   100

Table legend:
 A = Non-vault XP
 B = Vault XP
 C = Vault XP percentage of total XP
 D = Non-vault monster count
 E = Vault monster count
 F = Vault count percentage of total count
                 A         B        C        D         E       F
            +---------+---------+-------+---------+---------+-------
      Total |      66 |       0 |   0.0 |      23 |       0 |   0.0
            +---------+---------+-------+---------+---------+-------
        D:1 |      18 |       0 |   0.0 |       9 |       0 |   0.0
        D:2 |      27 |       0 |   0.0 |       6 |       0 |   0.0
        D:3 |      21 |       0 |   0.0 |       8 |       0 |   0.0
            +---------+---------+-------+---------+---------+-------
